AoeStats
← [Massa] Edo

Arena

509804521Analyzed
3v3 RM · 3d ago on Sep 28, 2026· 18m 6s· 6 players
Game mode
Random Map
Map size
Normal (6 player)
Population
200
Speed
Normal
Resources
Standard
Victory
Conquest
Starting age
Dark Age
Ending age
Imperial Age
RankedLock teamsTeams togetherTeam positionsShared explorationLock speedFull tech treeHidden civsTurbo modeCheats
Victory
Defeat
🇺🇸 Koreans · United States
1442
+13
🇧🇷 Khmer · Brazil
1413
+14
🇧🇷 Britons · Brazil
1388
+15
🇺🇸 Japanese · United States
1460
-17
🇨🇳 Dravidians · China
1350
-13
🇺🇸 Bengalis · United States
1329
-12
Alec
10:44 Feudal Age
11:52 Loom
14:36 Castle Age
13:32 Double-Bit Axe
15:49 Bow Saw
Vedette87
10:28 Feudal Age
14:37 Castle Age
13:34 Double-Bit Axe
14:56 Horse Collar
16:52 Bow Saw
JieX
9:56 Feudal Age
13:37 Castle Age
11:32 Double-Bit Axe
12:42 Horse Collar
15:07 Wheelbarrow
14:44 Bow Saw
14:44 Heavy Plow
el_Feist
11:14 Feudal Age
12:49 Double-Bit Axe
15:16 Castle Age
13:16 Double-Bit Axe
17:30 Wheelbarrow
[Massa] Edo
9:51 Feudal Age
12:52 Castle Age
11:28 Double-Bit Axe
11:49 Horse Collar
15:24 Loom
tg
6:19 Loom
8:39 Feudal Age
9:22 Double-Bit Axe
11:17 Fletching
11:13 Horse Collar
Connection lost

Rejoining the realm…

Still unreachable

The connection could not be restored.

Session expired

The server has moved on; the page needs a fresh start.